Map: [ESL] Inside and Out

Players

goblin

  • Race: Protoss Protoss
  • Spawn Location: 1:00

ArT - Winner!

  • Race: Protoss Protoss
  • Spawn Location: 7:00

Event: DreamHack SC2 Masters 2022 Atlanta (Online)

VOD

Have the link to the VOD?

Description

Time

  • Played on: Oct. 8, 2022, 10:56 a.m.
  • Length: 12:09

All games in this series

Show
View Real Time Build Order
Export as new Build Order

goblin Protoss 

Build Orders: Chargelot Immortal 

Get SALT Encoding   

  12  0:00  Probe  
  13  0:12  Probe  
  14  0:19  Pylon  
  14  0:24  Probe  
  15  0:37  Probe (Chrono Boost)  
  15  0:38  Gateway  
  16  0:46  Probe (Chrono Boost)  
  16  0:47  Assimilator  
  17  0:52  Probe (Chrono Boost)  
  18  1:04  Probe (Chrono Boost)  
  19  1:05  Assimilator  
  19  1:07  Pylon  
  19  1:13  Probe (Chrono Boost)  
  20  1:18  Probe (Chrono Boost)  
  20  1:25  Cybernetics Core  
  21  1:30  Probe  
  22  1:36  Zealot  
  24  1:42  Probe  
  25  1:58  Probe  
  26  2:02  Warp Gate  
  26  2:03  Stalker  
  28  2:18  Nexus  
  28  2:26  Robotics Facility  
  28  2:33  Shield Battery  
  27  2:39  Stalker  
  29  2:46  Pylon  
  29  2:50  Probe  
  30  3:00  Shield Battery  
  30  3:12  Shield Battery  
  30  3:17  Cybernetics Core  
  28  3:24  Immortal (Chrono Boost), Probe  
  33  3:35  Probe  
  34  3:43  Probe  
  34  3:47  Shield Battery, Probe  
  36  3:51  Sentry  
  36  3:55  Probe  
  39  3:59  Probe (Chrono Boost)  
  39  4:02  Observer  
  41  4:08  Probe (Chrono Boost)  
  42  4:11  Probe (Chrono Boost)  
  42  4:13  Pylon  
  43  4:18  Sentry, Probe x2 (Chrono Boost)  
  43  4:22  Probe (Chrono Boost)  
  46  4:27  Probe (Chrono Boost)  
  47  4:34  Probe (Chrono Boost)  
  49  4:38  Warp Prism  
  49  4:43  Probe (Chrono Boost)  
  49  4:44  Probe (Chrono Boost)  
  52  4:47  Twilight Council  
  52  4:49  Probe (Chrono Boost)  
  52  4:50  Sentry, Probe  
  56  4:54  Pylon  
  56  5:00  Probe  
  56  5:02  Probe  
  58  5:10  Gateway  
  58  5:11  Pylon  
  58  5:12  Probe  
  60  5:14  Probe  
  60  5:22  Stalker  
  60  5:23  Blink (Chrono Boost)  
  60  5:25  Gateway  
  62  5:28  Assimilator  
  62  5:34  Probe x2  
  62  5:35  Pylon  
  64  5:43  Nexus  
  64  5:50  Adept, Immortal (Chrono Boost)  
  70  6:05  Adept  
  70  6:06  Probe x2  
  70  6:07  Gateway  
  74  6:18  Probe, Stalker  
  76  6:19  Probe  
  76  6:21  Pylon  
  76  6:25  Stargate  
  78  6:27  Stargate  
  77  6:39  Immortal  
  80  6:40  Assimilator  
  80  6:42  Pylon  
  80  6:46  Probe  
  80  6:47  Probe  
  82  6:49  Pylon  
  82  6:52  Stalker x2  
  85  6:59  Probe  
  86  7:01  Probe  
  86  7:02  Probe  
  86  7:06  Zealot x2  
  92  7:10  Phoenix (Chrono Boost)  
  92  7:11  Phoenix (Chrono Boost)  
  96  7:20  Probe  
  97  7:26  Probe  
  97  7:29  Phoenix (Chrono Boost)  
  98  7:30  Phoenix (Chrono Boost)  
  98  7:34  Probe x2  
  104  7:37  Pylon  
  104  7:38  Probe, Pylon  
  104  7:41  Charge (Chrono Boost)  
  101  7:46  Probe x2  
  101  7:50  Probe  
  104  7:51  Phoenix (Chrono Boost)  
  104  7:56  Assimilator x2  
  106  7:58  Probe  
  106  8:02  Phoenix  
  106  8:05  Shield Battery  
  109  8:06  Phoenix  
  109  8:07  Phoenix  
  109  8:08  Probe x2  
  109  8:10  Probe, Pylon  
  112  8:13  Phoenix  
  114  8:21  Zealot x4  
  114  8:25  Gateway  
  114  8:26  Gateway  
  122  8:40  Phoenix  
  122  8:41  Phoenix  
  126  8:45  Pylon  
  126  8:51  Stalker  
  126  8:52  Stalker x2  
  132  8:57  Pylon  
  132  8:59  Pylon  
  132  9:01  Forge  
  132  9:02  Observer (Chrono Boost)  
  133  9:17  Phoenix x2, Observer (Chrono Boost)  
  133  9:19  Nexus  
  133  9:23  Phoenix  
  133  9:24  Zealot x4  
  146  9:25  Zealot  
  146  9:26  Phoenix  
  146  9:28  Protoss Ground Weapons Level 1 (Chrono Boost)  
  148  9:32  Immortal (Chrono Boost)  
  152  9:43  Photon Cannon  
  152  9:44  Photon Cannon  
  152  9:48  Photon Cannon  
  152  10:01  Zealot, Templar Archives  
  152  10:03  Probe  
  152  10:04  Gateway, Probe  
  152  10:05  Gateway  
  152  10:06  Pylon  
  156  10:08  Probe  
  157  10:24  Probe  
  157  10:28  Stalker x3  
  162  10:29  Pylon  
  162  10:31  Shield Battery  
  162  10:32  Stalker x2  
  162  10:34  Probe x2  
  134  11:08  High Templar x4  
  134  11:09  Immortal (Chrono Boost), High Templar x4  
  140  11:14  Archon x2  
  140  11:15  Archon  
  140  11:16  Phoenix x2, Archon, Gateway  
  140  11:17  Gateway  
  140  11:18  Pylon  
  128  11:41  Stalker x6  
  128  11:42  Zealot x2  
  148  11:51  Assimilator  
  148  11:53  Pylon  
  148  11:55  Assimilator  
Show
View Real Time Build Order
Export as new Build Order

ArT Protoss - Winner!

Build Orders:  

Get SALT Encoding   

  12  0:00  Probe  
  13  0:12  Probe  
  14  0:19  Pylon  
  14  0:24  Probe (Chrono Boost)  
  15  0:37  Probe (Chrono Boost), Gateway  
  16  0:46  Probe (Chrono Boost), Assimilator  
  17  0:51  Probe  
  18  1:00  Assimilator  
  18  1:03  Probe  
  19  1:12  Gateway  
  19  1:15  Probe  
  20  1:25  Cybernetics Core  
  20  1:27  Probe  
  21  1:33  Pylon  
  21  1:39  Probe  
  22  1:51  Probe  
  23  2:01  Stalker x2 (Chrono Boost)  
  23  2:03  Warp Gate  
  23  2:08  Pylon  
  27  2:14  Probe  
  28  2:23  Adept (Chrono Boost)  
  28  2:24  Adept (Chrono Boost)  
  32  2:40  Robotics Facility  
  32  3:00  Nexus  
  32  3:04  Probe  
  31  3:22  Probe  
  31  3:25  Warp Prism (Chrono Boost)  
  31  3:26  Shield Battery  
  30  3:34  Probe  
  33  3:46  Probe  
  34  3:51  Sentry  
  34  3:52  Stalker  
  38  3:58  Pylon  
  38  3:59  Probe  
  39  4:03  Twilight Council  
  39  4:13  Probe x2 (Chrono Boost)  
  41  4:22  Immortal  
  45  4:27  Probe (Chrono Boost)  
  45  4:31  Probe  
  44  4:37  Blink (Chrono Boost)  
  43  4:39  Probe  
  43  4:43  Probe  
  45  4:52  Probe  
  46  4:55  Probe  
  47  5:01  Immortal  
  47  5:04  Probe  
  47  5:05  Assimilator  
  52  5:07  Probe  
  52  5:10  Stalker  
  52  5:11  Stalker  
  57  5:16  Probe  
  57  5:17  Pylon  
  57  5:20  Probe  
  59  5:28  Probe  
  60  5:29  Robotics Bay  
  60  5:32  Probe  
  61  5:36  Gateway  
  61  5:40  Probe  
  61  5:41  Assimilator  
  61  5:42  Observer  
  63  5:45  Stalker  
  63  5:47  Pylon  
  63  5:49  Stalker  
  67  5:50  Probe  
  67  5:52  Probe  
  69  6:04  Nexus  
  69  6:07  Pylon  
  69  6:11  Probe x2  
  71  6:13  Disruptor (Chrono Boost)  
  74  6:21  Pylon  
  74  6:27  Shield Battery  
  74  6:32  Stalker x2  
  78  6:33  Stalker  
  78  6:35  Probe  
  81  6:41  Forge  
  81  6:42  Disruptor (Chrono Boost), Probe  
  85  6:55  Pylon  
  85  6:57  Probe  
  86  7:04  Probe  
  86  7:06  Stalker x3  
  93  7:09  Probe  
  93  7:13  Disruptor (Chrono Boost)  
  93  7:15  Protoss Ground Weapons Level 1  
  97  7:16  Probe  
  97  7:21  Probe (Chrono Boost)  
  97  7:22  Probe (Chrono Boost)  
  91  7:32  Gateway  
  91  7:33  Probe x2 (Chrono Boost)  
  91  7:34  Gateway  
  93  7:40  Probe (Chrono Boost)  
  93  7:42  Probe (Chrono Boost)  
  93  7:43  Stalker x2  
  93  7:44  Probe (Chrono Boost)  
  99  7:45  Stalker  
  99  7:50  Probe x2  
  103  7:51  Pylon  
  103  7:53  Assimilator  
  103  7:54  Assimilator  
  103  8:03  Charge, Pylon  
  106  8:12  Probe  
  107  8:13  Pylon  
  107  8:15  Stalker x2  
  107  8:16  Stalker  
  107  8:18  Colossus (Chrono Boost)  
  113  8:23  Extended Thermal Lance  
  116  8:34  Observer, Photon Cannon  
  116  8:36  Pylon  
  116  8:39  Gateway  
  116  8:45  Robotics Facility  
  116  8:49  Gateway  
  116  8:50  Photon Cannon, Pylon  
  114  8:58  Colossus (Chrono Boost)  
  114  9:00  Templar Archives  
  120  9:10  Zealot x4  
  120  9:14  Zealot  
  130  9:18  Gateway  
  130  9:21  Gateway  
  130  9:26  Protoss Ground Weapons Level 2 (Chrono Boost)  
  130  9:37  Nexus  
  130  9:39  Pylon  
  130  9:41  Observer  
  130  9:42  Colossus (Chrono Boost)  
  136  9:50  High Templar x4  
  144  9:56  Archon x2  
  150  10:01  Photon Cannon  
  150  10:03  Colossus (Chrono Boost)  
  150  10:05  Photon Cannon  
  150  10:07  Shield Battery  
  150  10:26  High Templar x2  
  150  10:27  Zealot x5  
  164  10:32  Pylon  
  164  10:34  Archon  
  164  10:49  Warp Prism  
  166  10:54  Zealot x6  
  166  10:55  Zealot  
  166  11:03  Observer  
  155  11:11  High Templar x2  
  155  11:12  Photon Cannon  
  155  11:13  Probe  
  155  11:14  Probe  
  155  11:16  Archon  
  155  11:17  Zealot x7  
  163  11:39  High Templar x4  
  171  11:40  Stalker  
  171  11:41  Probe  
  171  11:42  Shield Battery, Probe x2  
  171  11:43  Archon x2  
  171  11:45  Stalker x2  
  180  11:49  Dark Shrine  
  180  11:52  Pylon  
  180  11:54  Pylon x2  
  180  11:55  Pylon  
  174  12:06  Zealot x3  
Tags
 
Add a new tag
Caveats
  • Supply blocks, unpowered buildings, or Contaminate may cause inaccurate times.
  • Supply counts are checked every 10 seconds.